 Dungeon Crawl Stone Soup version 0.30.0 (webtiles) character file.

Game seed: 10509418058607374988

334 catcat the Magician (level 6, -2/43 HPs)
             Began as a Djinni Ice Elementalist on Nov 2, 2023.
             Was an Initiate of Makhleb.
             Killed from afar by Blork the orc (9 damage)
             ... with a magic dart
             ... on level 4 of the Dungeon.
             The game lasted 00:11:37 (3275 turns).

catcat the Magician (Djinni Ice Elementalist)       Turns: 3275, Time: 00:11:37

Health: -2/43      AC:  2    Str:  7    XL:     6   Next: 83%
Gold:   187        EV: 13    Int: 19    God:    Makhleb [......] SH:  0 Dex: 13

rFire   + + +        k - +1 dagger (protect)
rCold   x . .        (no shield)
rNeg    . . .        a - +0 robe
rPois   ∞            (no helmet)
rElec   .            (no cloak)
rCorr   .            (no gloves)
SInv    .            (boots unavailable)
Will    .....        (no amulet)
Stlth   ++           e - ring of protection from fire
HPRegen 0.27/turn    (no ring)
MPRegen 0.00/turn

%: infuse magic (-3 HP)
@: about to teleport, freezing walls, flying
A: sickness immunity, fire resistance 2, cold vulnerability 1, float, innate
caster, HP casting, extra vitality 1
a: Renounce Religion


You were on level 4 of the Dungeon.
You worshipped Makhleb.
Makhleb was noncommittal.
You visited 2 branches of the dungeon, and saw 5 of its levels.

You collected 187 gold pieces.

Inventory:

Hand Weapons
 k - a +1 dagger of protection (weapon)
 m - a +2 whip of holy wrath
Missiles
 h - 13 poisoned darts (quivered)
Armour
 a - a +0 robe (worn)
Magical Staves
 c - a staff of conjuration
 t - a staff of fire
Jewellery
 e - a ring of protection from fire (left hand)
Scrolls
 b - a scroll of magic mapping {unknown}
 g - 3 scrolls of identify {unknown}
 i - 2 scrolls of fog {unknown}
 j - a scroll of teleportation
 l - a scroll of silence {unknown}
 p - a scroll of immolation {unknown}
 r - a scroll of vulnerability {unknown}
Potions
 d - 3 potions of curing
 n - 2 potions of might {unknown}
 o - 2 potions of heal wounds {unknown}
 q - a potion of degeneration {unknown}
 s - a potion of lignification {unknown}


   Skills:
 - Level 2.0 Fighting
 + Level 3.7 Dodging
 - Level 1.5 Stealth
 * Level 5.2 Spellcasting


You knew the following spells:

 Your Spells              Type           Power      Damage    Failure   Level
a - Freeze                Ice            96%        1d10      1%          1
b - Frozen Ramparts       Ice            48%        1d8       4%          3
c - Ozocubu's Armour      Ice            24%        N/A       4%          3
d - Summon Ice Beast      Ice/Summ       24%        N/A       14%         4
e - Sandblast             Erth           48%        2d12      1%          1
f - Momentum Strike       Conj/Tloc      48%        3d9       2%          2
Your spell library was empty.

Dungeon Overview and Level Annotations

Branches:
Dungeon (4/15)             Temple (1/1) D:4

Altars:
Ashenzari
Dithmenos
Elyvilon
Fedhas
Makhleb
Okawaru
Qazlal
Ru
Trog
Uskayaw
Yredelemnul

Annotations:
D:4 Blork the orc


Innate Abilities, Weirdness & Mutations

You are immune to sickness and miasma.
You are immune to poison.
Your flesh is very heat resistant. (rF++)
You are vulnerable to cold. (rC-)
You float through the air rather than walking.
You learn spells naturally, not from books.
Your magical power is your life essence.
You have superior vitality. (+4 MHP)


Message History

The adder is moderately wounded.
* * * LOW HITPOINT WARNING * * *
The wall freezes Blork the orc but does no damage.
Casting: Sandblast (safe; 1% risk of failure)
Confirm with . or Enter, or press ? or * to list all spells.
Aiming: Sandblast (safe; 1% risk of failure)
Press: ? - help, Shift-Dir - straight line, f/p - Blork the orc
Aim: Blork the orc, wielding a +0 long sword and wearing a +0 robe (heavily wounded, 85% to hit)
Okay, then.
Unknown command.
It was a potion of curing.
You feel better.
The wall freezes Blork the orc.
Casting: Sandblast (safe; 1% risk of failure)
Confirm with . or Enter, or press ? or * to list all spells.
Aiming: Sandblast (safe; 1% risk of failure)
Press: ? - help, Shift-Dir - straight line, f/p - Blork the orc
Aim: Blork the orc, wielding a +0 long sword and wearing a +0 robe (heavily wounded, 85% to hit)
The blast of sand hits Blork the orc.
Blork the orc is severely wounded.
* * * LOW HITPOINT WARNING * * *
The wall freezes Blork the orc but does no damage.
Blork the orc screams, "I'll make a cloak from your skin!"
Blork the orc casts a spell.
Blork the orc seems to speed up.
The wall freezes Blork the orc but does no damage.
Throw: 14 darts (poison)
Press: ? - help, Q - select action, (/) - cycle Shift-Dir - straight line, f/p - Blork the orc
Aim: Blork the orc, wielding a +0 long sword and wearing a +0 robe (severely wounded, fast, 61% to hit)
You throw a poisoned dart. The poisoned dart hits Blork the orc.
Blork the orc is severely wounded.
The wall freezes Blork the orc.
Blork the orc casts a spell at you. The magic dart hits you.
* * * LOW HITPOINT WARNING * * *
Your magical contamination has completely faded away.
Unknown command.
As you read the scroll of teleportation, it crumbles to dust.
You feel strangely unstable.
The wall freezes Blork the orc. x2
Blork the orc gestures at you while chanting.
The magic dart hits you!
You die...

≈≈≈##....................#
#§§#○☼§§§§§§§§§§.........
##§§##§§§§§§§§§§§.......>.
..##.§§☼§§○§§§○§§☼§§.........
.(...☼§§§§§§§○§§☼§○§........#
..~..§☼§§§§§§☼§○§§§§.......##
....~.≈☼○S§§○§○§☼§§○.(.....#
##~..~~~S#o§§☼§§§☼○§.......#
#.~..≈..##§@§§§○☼§§.8)....##
#...≈≈..##§§§§§§§☼§.>)......
#....≈..#§###§○☼☼§§.8.......
#..~~~.~#§# ##○§§§§.........
.~~.≈≈..#.# ##§§§§.....####
#.## ##☼○§....##
##.####.○§§..#######
#.......######[...#
##.......# #.....


You could see Blork the orc (fast) and an adder.

Vanquished Creatures
  A phantom (D:4)
  A scorpion (D:4)
  A howler monkey (D:4)
  Jessica (D:2)
  4 adders
  2 dart slugs (D:3)
  12 orcs
  6 ball pythons
  8 endoplasms
  5 giant cockroaches
  6 goblins
  7 hobgoblins
  6 kobolds
  A quokka (D:4)
  5 bats
  6 frilled lizards
  7 rats
79 creatures vanquished.

Notes
Turn   | Place    | Note
-------+----------+-------------------------------------------
     0 | D:1      | catcat the Djinni Ice Elementalist began the quest for the
                  | Orb.
     0 | D:1      | catcat set off with the following spells memorised: Freeze,
                  | Frozen Ramparts, Ozocubu's Armour, Summon Ice Beast.
     0 | D:1      | Reached XP level 1. HP: 15/15 MP: 0/0
   201 | D:1      | Reached XP level 2. HP: 21/22 MP: 0/0
   354 | D:1      | Reached skill level 1 in Fighting
   391 | D:1      | Found a faded altar of an unknown god.
   550 | D:1      | Reached XP level 3. HP: 26/27 MP: 0/0
   550 | D:1      | Learned a level 1 spell: Sandblast
   704 | D:2      | Noticed Jessica
   710 | D:2      | Killed Jessica
   711 | D:2      | Reached XP level 4. HP: 26/32 MP: 0/0
   766 | D:2      | Reached skill level 4 in Spellcasting
  1575 | D:3      | Reached XP level 5. HP: 32/38 MP: 0/0
  1575 | D:3      | Learned a level 2 spell: Momentum Strike
  2226 | D:4      | Found a staircase to the Ecumenical Temple.
  2237 | Temple   | Entered the Ecumenical Temple
  2288 | Temple   | Became a worshipper of Makhleb the Destroyer
  2334 | D:4      | Reached XP level 6. HP: 21/43 MP: 0/0
  2730 | D:4      | Reached skill level 5 in Spellcasting
  3258 | D:4      | Noticed Blork the orc
  3275 | D:4      | Killed from afar by Blork the orc

Illustrated notes

Levels and vault maps discovered:
D:1:      dpeg_arrival_oval, layout_rooms, shapermc_ecumenical_altar_mp_vishouse
D:2:      layout_basic, uniq_jessica
D:3:      layout_basic
D:4:      layout_layer_cave, temple_statues, chequers_serial_rivers_small_3,
          uniq_blork_the_orc
Temple:   bh_familiar_temple

Skill      XL: |  1  2  3  4  5  6 |
---------------+-------------------+-----
Fighting       | 1 2 |  2.0
Spellcasting   | 4 5 |  5.2
Dodging        | 3 |  3.7
Stealth        | |  1.5

Action                     |  1- 3 |  4- 6 || total
---------------------------+-------+-------++-------
  Melee: Staff             |     4 |       ||     4
         Dagger            |       |     8 ||     8
  Throw: Dart              |       |     1 ||     1
   Cast: Freeze            |    27 |    28 ||    55
         Sandblast         |     5 |    56 ||    61
         Frozen Ramparts   |       |     4 ||     4
         Ozocubu's Armour  |       |     3 ||     3
         Momentum Strike   |       |     1 ||     1
    Use: Scroll            |       |     4 ||     4
         Potion            |       |     1 ||     1
 Armour: Robe              |     7 |     8 ||    15
  Dodge: Dodged            |    16 |    34 ||    50
